 Dungeon Crawl Stone Soup version 0.26-a0-667-g92642533e4 (webtiles) character file.

Game seed: 5057134595023704896

4279 merlinx42 the Cruncher (level 10, -9/58 HPs)
             Began as a Gargoyle Gladiator on Oct 16, 2020.
             Was a High Priest of Okawaru.
             Mangled by Gastronok (28 damage)
             ... on level 9 of the Dungeon.
             The game lasted 00:22:44 (9023 turns).

merlinx42 the Cruncher (Gargoyle Gladiator)         Turns: 9023, Time: 00:22:44

Health: -9/58      AC: 19    Str: 20    XL:     10   Next: 31%
Magic:  10/10      EV: 12    Int:  8    God:    Okawaru [*****.]
Gold:   312        SH:  0    Dex: 13    Spells: 9/9 levels left

rFire    . . .     SeeInvis .   a - +1 quarterstaff
rCold    . . .     Faith    +   (shield currently unavailable)
rNeg     + . .     Spirit   .   n - +0 ring mail
rPois    ∞         Reflect  .   c - +0 helmet
rElec    +         Harm     .   N - +1 cloak
rCorr    .         Rampage  .   (no gloves)
MR       .....                  m - +0 pair of boots
Stlth    +.........             H - amulet of faith
HPRegen  0.19/turn              w - ring of poison resistance
MPRegen  0.12/turn              (no ring)

@: no status effects
A: negative energy resistance 1, electricity resistance, unbreathing,
petrification resistance, rot immunity, AC +7
a: Heroism, Finesse, Renounce Religion


You were on level 9 of the Dungeon.
You worshipped Okawaru.
Okawaru was extremely pleased with you.
You visited 2 branches of the dungeon, and saw 10 of its levels.

You collected 575 gold pieces.
You spent 263 gold pieces at shops.

Inventory:

Hand Weapons
 a - a +1 quarterstaff (weapon)
 v - a +4 whip
 z - the +8 flail of Mofuos {pain, Str+2}
   (You found it on level 5 of the Dungeon)

   In the hands of one skilled in necromantic magic, it inflicts extra damage on
   living creatures.
   It affects your strength (+2).
 K - a +6 vorpal hunting sling
 L - a +0 quarterstaff
Missiles
 d - 2 throwing nets
 o - 44 poisoned darts (quivered)
 M - 19 sling bullets
Armour
 c - a +0 helmet (worn)
 m - a +0 pair of boots (worn)
 n - a +0 ring mail (worn)
 B - a +1 chain mail of cold resistance
 N - a +1 cloak (worn)
Jewellery
 w - a ring of poison resistance (left hand)
 H - an amulet of faith (around neck)
Wands
 h - a wand of flame (14)
 k - a wand of acid (2)
 I - a wand of digging (6)
Scrolls
 e - 3 scrolls of fog {unknown}
 f - 3 scrolls of teleportation
 g - 3 scrolls of enchant weapon
 i - 4 scrolls of magic mapping {unknown}
 l - 3 scrolls of remove curse
 p - a scroll of fear {unknown}
 u - 2 scrolls of random uselessness {unknown}
 C - a scroll of enchant armour
 D - a scroll of torment {unknown}
 E - 2 scrolls of immolation {unknown}
 F - 2 scrolls of amnesia {unknown}
 G - a scroll of noise {unknown}
 J - 2 scrolls of identify
Potions
 j - a potion of degeneration {unknown}
 r - 2 potions of might {unknown}
 s - a potion of lignification {unknown}
 t - 2 potions of stabbing
 x - a potion of mutation {unknown}
 A - a potion of invisibility {unknown}


   Skills:
 - Level 4.6 Fighting
 + Level 11.9 Staves
 - Level 1.7 Throwing
 + Level 8.6 Armour
 - Level 2.4 Dodging


You had 9 spell levels left.
You didn't know any spells.
Your spell library contained the following spells:

 Spells                   Type           Power        Failure   Level
 Magic Dart               Conj           #...         54%         1
 Blink                    Tloc           N/A          69%         2
 Call Imp                 Summ           #.......     69%         2
 Slow                     Hex            #.......     69%         2
 Conjure Flame            Conj/Fire      #.......     89%         3
 Mephitic Cloud           Conj/Pois/Air  #.......     89%         3


Dungeon Overview and Level Annotations

Branches:
Dungeon (9/15)             Temple (1/1) D:4
   Lair: D:8-11         Orc: D:9-12

Altars:
Ashenzari
Cheibriados
Dithmenos
Elyvilon
Fedhas
Gozag
Hepliaklqana
Kikubaaqudgha
Makhleb
Nemelex Xobeh
Okawaru
Qazlal
Ru
Sif Muna
Trog
Uskayaw
Vehumet
Wu Jian
Xom
Yredelemnul
Zin
The Shining One

Shops:
D:4 [*   D:8 (

Annotations:
D:9 Gastronok


Innate Abilities, Weirdness & Mutations

You are resistant to torment.
Your stone body is resilient. (AC +7)
You are immune to poison.
You resist negative energy. (rN+)
You are resistant to electric shocks. (rElec)
You can survive without breathing.
You are immune to petrification.
You are immune to rotting.


Message History

Gastronok waves his eye-stalks in wide circles.
The air twists around and strikes you!!
An adder comes into view.
The adder hisses angrily.
You hit Gastronok.
Gastronok is lightly wounded.
You hit Gastronok.
Gastronok is lightly wounded.
Gastronok bites you!
You are too injured to fight recklessly!
You are too injured to fight recklessly!
Okay, then.
You sock Gastronok!
Gastronok is lightly wounded.
You hit Gastronok.
Gastronok is lightly wounded.
You sock Gastronok!
Gastronok is moderately wounded.
Gastronok bites you!!
You die...

..# #####.###
###....[..###
##...........## .
#.............##..
..................
...........s......
.......<.Z@w.....#
...........S......
..................
..................
..................
..................
.......##.........
.....## #..#......


You could see Gastronok, a scorpion, an adder and a bullfrog zombie.

Vanquished Creatures
  Erica (D:8)
  Pikel (D:6)
  Joseph (D:8)
  Maurice (D:8)
  Grinder (D:5)
  Sigmund (D:3)
  Edmund (D:5)
  An orc warrior (D:8)
  3 black bears
  A sky beast (D:6)
  A centaur (D:5)
  3 lemures
  A bullfrog (D:7)
  A gnoll sergeant (D:5)
  A scorpion (D:8)
  3 killer bees (D:7)
  3 jellies
  3 hounds
  6 orc priests
  A gnoll shaman (D:4)
  A centaur skeleton (D:6)
  2 iguanas
  9 orc wizards
  3 worker ants
  A killer bee zombie (D:7)
  A hound skeleton (D:5)
  A howler monkey zombie (D:5)
  13 gnolls
  13 adders
  A shadow imp (D:6)
  A white imp (D:5)
  An adder skeleton (D:8)
  4 dart slugs
  4 leopard geckos
  28 orcs
  5 bats
  7 giant cockroaches
  6 goblins
  4 hobgoblins
  14 jackals
  A quokka (D:5)
  A ball python (D:4)
  7 frilled lizards
  A jackal skeleton (D:7)
  A jackal zombie (D:7)
  11 kobolds
  7 rats
183 creatures vanquished.

Notes
Turn   | Place    | Note
-------+----------+-------------------------------------------
     0 | D:1      | merlinx42 the Gargoyle Gladiator began the quest for the
                  | Orb.
     0 | D:1      | Reached XP level 1. HP: 12/12 MP: 1/1
   113 | D:1      | Reached XP level 2. HP: 16/17 MP: 2/2
   377 | D:1      | Reached skill level 4 in Staves
   381 | D:1      | Reached XP level 3. HP: 16/21 MP: 3/3
   725 | D:2      | Found a sacrificial altar of Ru.
   788 | D:2      | Found a blossoming altar of Fedhas.
   789 | D:2      | Found a burning altar of Makhleb.
   790 | D:2      | Found a glowing silver altar of Zin.
   791 | D:2      | Found a snail-covered altar of Cheibriados.
   936 | D:2      | Reached XP level 4. HP: 27/27 MP: 4/4
  1900 | D:3      | Noticed Sigmund
  1907 | D:3      | Killed Sigmund
  1907 | D:3      | Reached skill level 5 in Staves
  1907 | D:3      | Reached XP level 5. HP: 34/34 MP: 5/5
  1907 | D:3      | Reached XP level 6. HP: 39/39 MP: 6/6
  2390 | D:3      | Reached skill level 6 in Staves
  2531 | D:4      | Found a staircase to the Ecumenical Temple.
  2578 | Temple   | Entered the Ecumenical Temple
  2848 | Temple   | Became a worshipper of Warmaster Okawaru
  2938 | D:4      | Found Joof's Antique Armour Shop.
  2999 | D:4      | Reached XP level 7. HP: 28/44 MP: 7/7
  3341 | D:4      | Reached skill level 7 in Staves
  3758 | D:4      | Found a snail-covered altar of Cheibriados.
  3795 | D:4      | Found Rugetharaff's General Store.
  3799 | D:4      | Bought a +1 chain mail of cold resistance for 181 gold
                  | pieces
  3799 | D:4      | Bought a scroll of enchant armour for 82 gold pieces
  4050 | D:5      | Entered Level 5 of the Dungeon
  4073 | D:5      | Noticed Edmund
  4109 | D:5      | Killed Edmund
  4109 | D:5      | Reached * piety under Okawaru
  4109 | D:5      | Reached skill level 8 in Staves
  4284 | D:5      | Reached XP level 8. HP: 37/48 MP: 8/8
  4892 | D:5      | Found a glowing golden altar of the Shining One.
  4911 | D:5      | Got a bloodstained flail
  4927 | D:5      | Reached skill level 9 in Staves
  5075 | D:5      | Noticed Grinder
  5088 | D:5      | Killed Grinder
  5581 | D:6      | Found an iron altar of Okawaru.
  5849 | D:6      | Noticed Pikel
  6048 | D:6      | Killed Pikel
  6048 | D:6      | Reached ** piety under Okawaru
  6048 | D:6      | Reached skill level 10 in Staves
  6048 | D:6      | Reached XP level 9. HP: 36/52 MP: 9/9
  6215 | D:6      | Reached skill level 5 in Armour
  6908 | D:7      | Identified the +8 flail of Mofuos {pain, Str+2} (You found
                  | it on level 5 of the Dungeon)
  7187 | D:7      | Reached *** piety under Okawaru
  7789 | D:8      | Found Kaebral's Weapon Emporium.
  7805 | D:8      | Reached skill level 11 in Staves
  7994 | D:8      | Noticed Joseph
  8023 | D:8      | Killed Joseph
  8023 | D:8      | Reached **** piety under Okawaru
  8216 | D:8      | Reached XP level 10. HP: 58/58 MP: 10/10
  8249 | D:8      | Noticed Maurice
  8288 | D:8      | Killed Maurice
  8448 | D:8      | Noticed Erica
  8487 | D:8      | Killed Erica
  8487 | D:8      | Reached ***** piety under Okawaru
  9015 | D:9      | Noticed Gastronok
  9023 | D:9      | Mangled by Gastronok

Illustrated notes

Levels and vault maps discovered:
D:1:      dpeg_arrival_boxes_within_box, layout_basic, st_stairs_6,
          minmay_pentomino_w2
D:2:      layout_basic, chequers_temple_overflow_statue_of_worship,
          nicolae_ru_great_annihilating_truth
D:3:      layout_loops_ring, cheibrodos_gnoll_hut, uniq_sigmund
D:4:      black_bear_nest_1, layout_loops_ring, minmay_temple_entry_grid,
          serial_shops, shop, shop, kennysheep_slug_shrine
D:5:      layout_loops_ring, tso_metal_star, uniq_edmund, uniq_grinder
D:6:      layout_layer_cave, nrook_campfire, okawaru_ov_weapons_minmay,
          uniq_pikel
D:7:      layout_loops_cross, minivault_19
D:8:      layout_loops_cross, serial_shops, shop, uniq_erica, uniq_maurice,
          uniq_joseph
D:9:      layout_layer_cave, uniq_gastronok, uniq_psyche
Temple:   hc_temple_tempest_star

Skill      XL: |  1  2  3  4  5  6  7  8  9 10 |
---------------+-------------------------------+-----
Staves         | 4 5 6 8 10 11 | 11.9
Fighting       | 4 |  4.6
Armour         | 4 7 8 |  8.6
Throwing       | |  1.7
Dodging        | |  2.4

Action                   |  1- 3 |  4- 6 |  7- 9 | 10-12 || total
-------------------------+-------+-------+-------+-------++-------
Melee: Quarterstaff      |    70 |   179 |   508 |    59 ||   816
Throw: Throwing net      |       |       |     2 |       ||     2
       Dart              |       |       |    18 |     5 ||    23
  Use: Scroll            |       |     4 |     3 |     1 ||     8
       Potion            |       |     4 |     6 |     3 ||    13
 Stab: Paralysed         |     1 |       |       |       ||     1
Armor: Leather armour    |    25 |   137 |    65 |       ||   227
       Ring mail         |       |       |   135 |    21 ||   156
Dodge: Dodged            |    52 |   192 |   237 |    13 ||   494

Table legend: (Time is in decaauts)
 A = Elapsed time spent in this place.
 B = Non-inter-level travel time spent in this place.
 C = Inter-level travel time spent in this place.
 D = Time resting spent in this place.
 E = Time spent auto-exploring this place.
 F = Levels seen in this place.
 G = Mean time per level.
                   A        B        C        D        E       F      G
               +--------+--------+--------+--------+--------+-----+--------+
         Total |   8958 |   8731 |    227 |   1329 |   5997 |  10 |  895.8 |
       Dungeon |   8659 |   8473 |    186 |   1329 |   5741 |   9 |  962.1 |
        Temple |    299 |    258 |     41 |      0 |    256 |   1 |  299.0 |
               +--------+--------+--------+--------+--------+-----+--------+

Top non-repeatable levels by time:
     D:5: 1601 daAuts
     D:8: 1319 daAuts
     D:4: 1230 daAuts
     D:6: 1034 daAuts
     D:2: 1020 daAuts
     D:7: 924 daAuts
     D:3: 860 daAuts
     D:1: 661 daAuts
  Temple: 299 daAuts
     D:9: 6 daAuts
